 Dungeon Crawl Stone Soup version 0.26-a0-958-gf3041fb45f (webtiles) character file.

Game seed: 12951262745886710563

134842 mhtbhm the Bludgeoner (level 16, -3/159 HPs)
             Began as a Minotaur Berserker on Nov 30, 2020.
             Was the Champion of Trog.
             Killed from afar by a rakshasa (15 damage)
             ... with a lance of force
             ... on level 3 of the Abyss.
             The game lasted 00:51:39 (32074 turns).

mhtbhm the Bludgeoner (Minotaur Berserker)         Turns: 32074, Time: 00:51:40

Health: -3/159     AC: 27    Str: 27    XL:     16   Next: 63%
Magic:  15/15      EV: 18    Int:  4    God:    Trog [******]
Gold:   2032       SH:  0    Dex: 12    Spells: 15/15 levels left

rFire    . . .     SeeInvis +   k - +2 war axe (vamp)
rCold    . . .     Faith    +   (no shield)
rNeg     . . .     Spirit   .   b - +1 storm dragon scales
rPois    .         Reflect  .   I - +2 hat {SInv}
rElec    +         Harm     .   T - +0 cloak
rCorr    .         Rampage  .   p - +0 pair of gloves
MR       ++...                  f - +2 pair of boots
Stlth    ..........             w - amulet of faith
HPRegen  0.36/turn              B - +4 ring of evasion
MPRegen  0.14/turn              G - ring of protection from magic

@: about to teleport
A: retaliatory headbutt, horns 2
a: Berserk, Trog's Hand, Brothers in Arms, Renounce Religion


You were on level 3 of the Abyss.
You worshipped Trog.
Trog was exalted by your worship.
You visited 4 branches of the dungeon, and saw 25 of its levels.
You visited the Abyss 1 time.
You also visited: Gauntlet and Volcano.

You collected 3138 gold pieces.
You spent 1106 gold pieces at shops.

Inventory:

Hand Weapons
 a - a +7 antimagic battleaxe
 k - a +2 vampiric war axe (weapon)
 F - a +5 vorpal demon whip
 M - a +4 morningstar of freezing
Missiles
 u - 15 silver javelins
 A - 8 javelins
 L - 20 curare-tipped darts (quivered)
Armour
 b - +1 storm dragon scales (worn)
 f - a +2 pair of boots (worn)
 p - a +0 pair of gloves (worn)
 I - a +2 hat of see invisible (worn)
 T - a +0 cloak (worn)
Jewellery
 w - an amulet of faith (around neck)
 B - a +4 ring of evasion (left hand)
 G - a ring of protection from magic (right hand)
 N - a +4 ring of evasion
 P - an uncursed ring of resist corrosion
 S - an uncursed ring of see invisible
 U - an uncursed ring of protection from fire
 V - the ring of Ureuwk {+Fly Int+5}
   (You found it in a Gauntlet)

   [ring of flight]

   It affects your intelligence (+5).
   It lets you fly.
Wands
 e - a wand of iceblast (24)
 r - a wand of polymorph (16)
 v - a wand of disintegration (37)
 E - a wand of paralysis (7)
 O - a wand of digging (12)
Scrolls
 c - 7 scrolls of teleportation
 d - 9 scrolls of immolation
 i - 7 scrolls of remove curse
 l - 8 scrolls of blinking
 m - 2 scrolls of fear
 n - 7 scrolls of enchant armour
 y - a scroll of brand weapon
 D - 9 scrolls of magic mapping
 H - 5 scrolls of noise {unknown}
 J - 5 scrolls of fog {unknown}
Potions
 h - 4 potions of attraction
 j - 3 potions of berserk rage
 o - 3 potions of heal wounds
 s - 9 potions of might
 t - 3 potions of mutation
 z - a potion of lignification {unknown}
 C - 3 potions of curing
 K - 4 potions of haste
 Q - 3 potions of flight {unknown}
Miscellaneous
 g - a tin of tremorstones (inert)
 q - a lightning rod (2/4)
 x - a condenser vane


   Skills:
 + Level 18.4 Fighting
 - Level 10.0(15.5) Axes
 + Level 18.8(19.5) Maces & Flails
 + Level 16.9 Armour
 + Level 10.7 Dodging
 + Level 4.3 Evocations


You had 15 spell levels left.
You didn't know any spells.
Your spell library contained the following spells:

 Spells                   Type           Power        Failure   Level
 Animate Skeleton         Necr           #.....       88%         1
 Apportation              Tloc           #.....       88%         1
 Corona                   Hex            #......      88%         1
 Summon Small Mammal      Summ           #...         88%         1
 Ensorcelled Hibernation  Hex/Ice        #.....       96%         2
 Passwall                 Tmut/Erth      #.......     96%         2
 Confusing Touch          Hex            #.......     99%         3
 Dazzling Flash           Conj/Hex       #.....       99%         3
 Frozen Ramparts          Ice            #.....       99%         3
 Mephitic Cloud           Conj/Pois/Air  #.......     99%         3
 Tukima's Dance           Hex            #.......     99%         3
 Fulminant Prism          Conj/Hex       #.........   100%        4
 Leda's Liquefaction      Hex/Erth       #.........   100%        4
 Bolt of Magma            Conj/Fire/Erth #.........   100%        5
 Irradiate                Conj/Tmut      #.........   100%        5
 Iskenderun's Battlesphe  Conj           #.......     100%        5
 Hydra Form               Tmut           #.........   100%        6
 Iron Shot                Conj/Erth      #.........   100%        6
 Statue Form              Tmut/Erth      #........    100%        6
 Dragon Form              Tmut           #.........   100%        7
 Shatter                  Erth           #.........   100%        9


Dungeon Overview and Level Annotations

Branches:
Dungeon (14/15)            Temple (0/1) D:7            Lair (6/6) D:9
 Shoals (0/4) Lair:4       Spider (0/4) Lair:2        Slime (0/5) Lair:6
    Orc (2/2) D:10            Elf (3/3) Orc:2        Vaults (0/5) D:13
Volcano (visited)         Gauntlet (visited)

Altars:
Ashenzari
Dithmenos
Elyvilon
Fedhas
Gozag
Hepliaklqana
Nemelex Xobeh
Okawaru
Ru
Sif Muna
Vehumet
Wu Jian
Xom

Shops:
D:5 [   D:6 !   D:12 [!*(   Orc:2 }(*?   Elf:2 }

Portals:
Trove: D:11 (give +5 demon trident)

Annotations:
D:11 +5 demon whip
D:12 good tower shield
Orc:2 3 runed translucent doors, McSplat's ghost, journeyman BaBe


Innate Abilities, Weirdness & Mutations

You reflexively headbutt those who attack you in melee.
You have a pair of horns on your head.


Message History

The rakshasa gestures at you. The lance of force misses you.
The rakshasa hits you but does no damage.
A starcursed mass splits.
You slice the rakshasa!!
You kill the rakshasa!
Trog accepts your kill.
The rakshasa shimmers and vanishes!
You hit the rakshasa but do no damage. You miss the rakshasa.
The rakshasa misses you. You furiously retaliate!
You headbutt the rakshasa. The rakshasa gestures at you.
The lance of force hits you!!
* * * LOW HITPOINT WARNING * * *
You are knocked back by the lance of force.
You slam into the rock wall!
* * * LOW HITPOINT WARNING * * *
The rakshasa blinks!
The rakshasa gestures at you. The lance of force hits you!
You die...

#. ###.. ... #.#
##.#.. .. .
.#......#. . .
..... ...#
.......X## . #
....X#...# ..
....XXX.. . #
... .##R### ..#
# .X # #.@##
#... # . #
#.R....... ....
##....§...R.. .
.
.........†......
.
................
......###.......
) . . ...###
#....... .. .
### # ####... .
# . ..# # #


You could see 4 starcursed masses and 3 rakshasas.

Vanquished Creatures
  The ghost of Cuucabuana the Slayer, a veteran MiGl of Okawaru (Elf:2)
  Kirke (Lair:6)
  A deep elf sorcerer (Elf:1)
  An ironheart preserver (D:13)
  A stone giant (Volcano)
  Nessos (Lair:6)
  A minotaur (Gauntlet)
  A deep elf death mage (Elf:2)
  2 ogre magi (Orc:2)
  7 hydras
  A fire dragon (Lair:2)
  A deep elf high priest (Elf:2)
  Fannar (Lair:3)
  A merfolk avatar (Lair:6)
  A vault guard (D:11)
  A rakshasa (Abyss:3)
  A boulder beetle (D:11)
  2 centaur warriors (D:13)
  17 dancing weapons
  13 two-headed ogres
  7 death yaks
  A queen ant (Lair:2)
  Urug (Lair:6)
  10 deep elf knights
  An orc high priest (Elf:1)
  Sonja (Orc:2)
  A fire crab (Gauntlet)
  A sea snake (Lair:6)
  An orange crystal statue (Gauntlet)
  A wizard (Elf:1)
  6 deep elf archers
  An orc knight (Orc:1)
  A lindwurm (Lair:5)
  30 deep elf magi
  An oklob plant (Lair:6)
  An orb spider (Lair:2)
  5 ugly things
  5 black mambas
  5 cyclopes
  A centaur zombie (D:10)
  20 elephants
  13 cane toads
  2 gargoyles
  A smoke demon (Abyss:3)
  2 torpor snails
  An efreet (Volcano)
  4 rime drakes
  8 komodo dragons
  A merfolk (shapeshifter) (Abyss:3)
  An ancient zyme (Abyss:3)
  A tengu conjurer (D:13)
  A meliai (D:13)
  9 polar bears
  3 hornets (Lair:6)
  A raiju (shapeshifter) (Elf:1)
  A troll (D:14)
  A wind drake (Lair:6)
  2 dream sheep (Lair:6)
  27 blink frogs
  6 large abominations
  An air elemental (Elf:1)
  37 yaks
  2 vampires
  8 small abominations
  5 water elementals
  4 wyverns
  4 fire bats (Gauntlet)
  6 fire elementals
  3 hogs (Lair:6)
  A human (Lair:6)
  2 basilisks
  2 vampire mosquitoes (D:13)
  3 wargs
  7 soldier ants
  11 water moccasins
  An eye of draining (D:12)
  3 black bears
  11 orc warriors
  5 ice beasts
  A phantom (D:11)
  4 sky beasts
  11 starcursed masses (Abyss:3)
  24 wolves
  2 centaurs
  5 boggarts (D:14)
  20 ogres
  20 bullfrogs
  4 earth elementals
  A wyvern skeleton (D:12)
  6 scorpions
  9 killer bees
  11 wights
  4 howler monkeys
  3 electric eels
  4 quasits
  4 bullfrog zombies
  7 centaur skeletons
  3 jellies
  7 orc priests
  2 bullfrog skeletons
  6 hounds
  An iguana (D:13)
  35 worker ants
  16 orc wizards
  A hell rat (D:9)
  A hound zombie (D:10)
  3 hound skeletons
  Robin (D:2)
  A worker ant zombie (D:8)
  A howler monkey skeleton (D:4)
  11 adders
  5 shadow imps
  5 white imps
  An ooze (D:6)
  2 adder zombies (D:5)
  2 adder skeletons
  2 worms
  A dart slug (D:4)
  5 leopard geckos
  43 orcs
  7 giant cockroaches
  18 goblins
  5 hobgoblins
  11 jackals
  10 kobolds
  4 quokkas
  4 ball pythons
  5 bats
  6 frilled lizards
  A jackal skeleton (D:8)
  A jackal zombie (D:7)
  A leopard gecko skeleton (D:6)
  A leopard gecko zombie (D:6)
  8 rats
735 creatures vanquished.

Vanquished Creatures (collateral kills)
  6 two-headed ogres (Orc:2)
  2 ogre magi (Orc:2)
  A dancing weapon (Elf:2)
  10 ogres (Orc:2)
19 creatures vanquished.

Vanquished Creatures (others)
  A deep elf mage (Elf:2)
  A human (Lair:6)
  An orc wizard (Elf:1)
  2 demonic plants (Gauntlet)
  18 fungi
  77 plants
100 creatures vanquished.

Grand Total: 854 creatures vanquished

Notes
Turn   | Place    | Note
-------+----------+-------------------------------------------
     0 | D:1      | mhtbhm the Minotaur Berserker began the quest for the Orb.
     0 | D:1      | Reached XP level 1. HP: 19/19 MP: 0/0
   176 | D:1      | Reached XP level 2. HP: 25/27 MP: 1/1
   301 | D:1      | Reached skill level 1 in Axes
   901 | D:2      | Noticed Robin
   908 | D:1      | Reached XP level 3. HP: 23/33 MP: 2/2
  1092 | D:2      | Reached ** piety under Trog
  1144 | D:2      | Killed Robin
  1237 | D:2      | Reached XP level 4. HP: 41/41 MP: 3/3
  1267 | D:2      | Found an opulent altar of Gozag.
  2168 | D:3      | Found a white marble altar of Elyvilon.
  2169 | D:3      | Found a shadowy altar of Dithmenos.
  2203 | D:3      | Reached XP level 5. HP: 47/47 MP: 4/4
  2703 | D:4      | Reached *** piety under Trog
  2851 | D:4      | Reached skill level 5 in Fighting
  2851 | D:4      | Reached XP level 6. HP: 37/56 MP: 5/5
  2876 | D:4      | Got a translucent leather armour
  2882 | D:4      | Identified the cursed +1 leather armour of Sloth {+Blink
                  | +Inv rCorr Str-4} (You found it on level 4 of the Dungeon)
  3085 | D:4      | Reached skill level 5 in Axes
  3434 | D:5      | Entered Level 5 of the Dungeon
  3442 | D:5      | Reached XP level 7. HP: 42/61 MP: 6/6
  3756 | D:5      | Found Ebarphorch's Antique Armour Shoppe.
  3759 | D:5      | Bought a glowing scarf for 144 gold pieces
  3786 | D:5      | Found a blossoming altar of Fedhas.
  4027 | D:5      | Found a radiant altar of Vehumet.
  4104 | D:5      | Found a sparkling altar of Nemelex Xobeh.
  4374 | D:6      | Reached **** piety under Trog
  4383 | D:6      | Reached XP level 8. HP: 61/70 MP: 7/7
  4396 | D:6      | Reached skill level 5 in Armour
  4691 | D:6      | Found a sparkling altar of Nemelex Xobeh.
  4779 | D:6      | Identified the Volume of Confrontation
  5198 | D:6      | Found Gimog's Distillery.
  5474 | D:7      | Found a staircase to the Ecumenical Temple.
  5545 | D:7      | Found a hazy altar of Hepliaklqana.
  5751 | D:7      | Got a crystal whip
  5752 | D:7      | Identified the +3 whip "Kocaet" {vorpal, +Rage rC+ Int+2}
                  | (You found it on level 7 of the Dungeon)
  6610 | D:7      | Reached skill level 10 in Axes
  6996 | D:7      | Found an ornate altar of the Wu Jian Council.
  7158 | D:8      | Reached XP level 9. HP: 73/78 MP: 8/8
  7161 | D:8      | Got a transparent long sword
  7162 | D:8      | Identified the +8 long sword of Exquisite Torment {protect,
                  | rF+ Stlth+} (You found it on level 8 of the Dungeon)
  7233 | D:8      | Reached skill level 5 in Dodging
  7247 | D:8      | Reached skill level 5 in Maces & Flails
  7459 | D:8      | Reached ***** piety under Trog
  8279 | D:9      | Noticed a death yak
  8281 | D:9      | Found a staircase to the Lair.
  8281 | D:9      | Noticed a death yak
  8281 | D:9      | Noticed a death yak
  8756 | D:9      | Killed a death yak
  8762 | D:9      | Killed a death yak
  8763 | D:9      | Reached XP level 10. HP: 48/86 MP: 9/9
  8771 | D:9      | Killed a death yak
  9315 | D:10     | Entered Level 10 of the Dungeon
  9614 | D:10     | Noticed a five-headed hydra
  9630 | D:10     | Killed a five-headed hydra
  9633 | D:10     | Reached skill level 10 in Armour
 10000 | D:10     | Found a staircase to the Orcish Mines.
 10366 | D:10     | Noticed a gargoyle
 10378 | D:10     | Killed a gargoyle
 10379 | D:10     | Reached skill level 10 in Maces & Flails
 10617 | Orc:1    | Entered Level 1 of the Orcish Mines
 10627 | Orc:2    | Entered Level 2 of the Orcish Mines
 10627 | Orc:2    | Found a staircase to the Elven Halls.
 10661 | Orc:2    | Found Mocekkad's Gadget Shop.
 10680 | Orc:1    | Found a dark tunnel.
 10696 | Volcano  | Entered a volcano
 10727 | Volcano  | Reached XP level 11. HP: 79/95 MP: 7/10
 11083 | Volcano  | Noticed a stone giant
 11099 | Volcano  | Killed a stone giant
 11594 | Orc:1    | Noticed an orc knight
 11642 | Orc:1    | Killed an orc knight
 12341 | Orc:2    | Reached skill level 10 in Fighting
 12377 | Orc:2    | Bought a condenser vane for 440 gold pieces
 12643 | Orc:2    | Received a gift from Trog
 12709 | Orc:2    | Found a runed translucent gate.
 12709 | Orc:2    | Found a runed translucent gate.
 12709 | Orc:2    | Noticed a deep elf archer
 12709 | Orc:2    | Noticed a centaur warrior
 12723 | Orc:2    | Noticed a two-headed ogre
 12723 | Orc:2    | Noticed a two-headed ogre
 12723 | Orc:2    | Noticed a two-headed ogre
 12723 | Orc:2    | Noticed a two-headed ogre
 12723 | Orc:2    | Noticed a two-headed ogre
 12723 | Orc:2    | Noticed a two-headed ogre
 12724 | Orc:2    | Noticed a two-headed ogre
 12725 | Orc:2    | Noticed an ogre mage
 12728 | Orc:2    | Killed a two-headed ogre
 12729 | Orc:2    | Noticed a two-headed ogre
 12730 | Orc:2    | Killed a two-headed ogre
 12731 | Orc:2    | Reached skill level 1 in Evocations
 12733 | Orc:2    | Killed a two-headed ogre
 12733 | Orc:2    | Noticed an ogre mage
 12734 | Orc:2    | Killed a two-headed ogre
 12736 | Orc:2    | Killed a two-headed ogre
 12737 | Orc:2    | Killed a two-headed ogre
 12738 | Orc:2    | Reached XP level 12. HP: 110/110 MP: 8/11
 12738 | Orc:2    | Killed a two-headed ogre
 12740 | Orc:2    | Killed a two-headed ogre
 12740 | Orc:2    | Killed an ogre mage
 12741 | Orc:2    | Noticed an ogre mage
 12741 | Orc:2    | Noticed a two-headed ogre
 12741 | Orc:2    | Noticed a two-headed ogre
 12742 | Orc:2    | Killed an ogre mage
 12743 | Orc:2    | Noticed a two-headed ogre
 12743 | Orc:2    | Noticed a two-headed ogre
 12743 | Orc:2    | Noticed a two-headed ogre
 12748 | Orc:2    | Noticed a two-headed ogre
 12749 | Orc:2    | Noticed an ogre mage
 12749 | Orc:2    | Noticed a two-headed ogre
 12750 | Orc:2    | Killed a two-headed ogre
 12750 | Orc:2    | Noticed a two-headed ogre
 12751 | Orc:2    | Killed a two-headed ogre
 12751 | Orc:2    | Killed a two-headed ogre
 12752 | Orc:2    | Killed a two-headed ogre
 12752 | Orc:2    | Killed a two-headed ogre
 12753 | Orc:2    | Killed a two-headed ogre
 12754 | Orc:2    | Killed an ogre mage
 12754 | Orc:2    | Killed a two-headed ogre
 12755 | Orc:2    | Killed a two-headed ogre
 12756 | Orc:2    | Noticed a two-headed ogre
 12757 | Orc:2    | Noticed a two-headed ogre
 12758 | Orc:2    | Killed an ogre mage
 12759 | Orc:2    | Killed a two-headed ogre
 12762 | Orc:2    | Killed a two-headed ogre
 12986 | Orc:2    | Found Unymumiph's Weapon Boutique.
 12986 | Orc:2    | Found Foujof's Assorted Antiques.
 12987 | Orc:2    | Found Kudderi's Magic Scroll Emporium.
 12987 | Orc:2    | Found Fixon's Distillery.
 13001 | Orc:2    | Bought a glowing orange potion for 23 gold pieces
 13001 | Orc:2    | Bought a fuming white potion for 23 gold pieces
 13003 | Orc:2    | Bought a scroll of teleportation for 45 gold pieces
 13003 | Orc:2    | Bought a scroll of identify for 30 gold pieces
 13003 | Orc:2    | Bought a scroll of magic mapping for 52 gold pieces
 13003 | Orc:2    | Bought a scroll of identify for 30 gold pieces
 13003 | Orc:2    | Bought a scroll of identify for 30 gold pieces
 13003 | Orc:2    | Bought a scroll of enchant weapon for 112 gold pieces
 13003 | Orc:2    | Bought a scroll of enchant armour for 112 gold pieces
 13127 | Orc:2    | Noticed a centaur warrior
 13128 | Orc:2    | Found a runed translucent gate.
 13128 | Orc:2    | Noticed a tengu warrior
 13128 | Orc:2    | Noticed McSplat's ghost (journeyman BaBe)
 13129 | Orc:2    | Noticed a naga warrior
 13129 | Orc:2    | Noticed an orc warlord
 13134 | Orc:2    | Found an iron altar of Okawaru.
 13276 | Orc:2    | Noticed Sonja
 13281 | Orc:2    | Killed Sonja
 13635 | D:11     | Found an iron altar of Okawaru.
 13712 | D:11     | Noticed a boulder beetle
 13723 | D:11     | Killed a boulder beetle
 13804 | D:11     | Received a gift from Trog
 14093 | D:11     | Reached XP level 13. HP: 123/123 MP: 12/12
 14103 | D:11     | Found a shimmering altar of Xom.
 14225 | D:11     | Found a portal to a secret trove of treasure.
 14456 | D:12     | Found Wuk Xoluseu's Distillery.
 14459 | D:12     | Found Sonap's Armour Boutique.
 14460 | D:12     | Found Omakhl Huja's Assorted Antiques.
 14464 | D:12     | Found Simeany's Antique Weapon Boutique.
 14486 | D:12     | Bought a potion of heal wounds for 65 gold pieces
 15875 | D:13     | Found a gate to the Vaults.
 15875 | D:13     | Noticed an ironheart preserver
 15886 | D:13     | Killed an ironheart preserver
 16227 | D:13     | Reached ****** piety under Trog
 16392 | D:13     | Received a gift from Trog
 17042 | D:13     | Found a sacrificial altar of Ru.
 18224 | Lair:1   | Entered Level 1 of the Lair of Beasts
 19227 | Lair:2   | Found a hole to the Spider Nest.
 19392 | Lair:2   | Reached XP level 14. HP: 133/133 MP: 13/13
 19397 | Lair:2   | Received a gift from Trog
 19655 | Lair:2   | Found a broken altar of Ashenzari.
 20218 | Lair:3   | Reached skill level 15 in Fighting
 20225 | Lair:3   | Reached skill level 15 in Maces & Flails
 20589 | Lair:3   | Noticed Fannar
 20599 | Lair:3   | Killed Fannar
 21767 | Lair:4   | Reached skill level 10 in Dodging
 22380 | Lair:4   | Found a staircase to the Shoals.
 22732 | Lair:5   | Found a gate leading to a gauntlet.
 22741 | Gauntlet | Entered a Gauntlet
 22741 | Gauntlet | Found a transporter.
 22746 | Gauntlet | Found a transporter.
 22748 | Gauntlet | Found a transporter.
 22792 | Gauntlet | Found a transporter.
 22809 | Gauntlet | Found a transporter.
 22811 | Gauntlet | Found a transporter.
 22943 | Gauntlet | Found a transporter.
 23008 | Gauntlet | Got a transparent copper ring
 23013 | Gauntlet | Identified the ring of Ureuwk {+Fly Int+5} (You found it in
                  | a Gauntlet)
 23028 | Gauntlet | Found a transporter.
 23044 | Gauntlet | Found a transporter.
 23050 | Gauntlet | Found a transporter.
 23109 | Gauntlet | Identified the cursed +3 hunting sling "Newtslayer" {speed,
                  | Int+7 Dex-5}
 24171 | Lair:6   | Entered Level 6 of the Lair of Beasts
 24269 | Lair:6   | Found a staircase to the Slime Pits.
 24301 | Lair:6   | Noticed Urug
 24315 | Lair:6   | Killed Urug
 24318 | Lair:6   | Reached XP level 15. HP: 144/144 MP: 14/14
 24352 | Lair:6   | Received a gift from Trog
 24494 | Lair:6   | Noticed Nessos
 24514 | Lair:6   | Killed Nessos
 24515 | Lair:6   | Reached skill level 15 in Armour
 24890 | Lair:6   | Noticed Kirke
 24904 | Lair:6   | Killed Kirke
 25492 | Lair:6   | Identified the Compendium of Glacial Stones
 26754 | Elf:1    | Entered Level 1 of the Elven Halls
 26788 | Elf:1    | Found a radiant altar of Vehumet.
 26865 | Elf:1    | Found a shimmering blue altar of Sif Muna.
 27347 | Elf:1    | Received a gift from Trog
 27527 | Elf:1    | Found the +2 Maxwell's thermic engine {flame, freeze}
 27582 | Elf:1    | Noticed a deep elf sorcerer
 27607 | Elf:1    | Killed a deep elf sorcerer
 28889 | Elf:2    | Found Qyvaf's Gadget Shoppe.
 28918 | Elf:2    | Found a runed translucent door.
 28918 | Elf:2    | Noticed Cuucabuana's ghost (veteran MiGl)
 28964 | Elf:2    | Killed Cuucabuana's ghost
 28965 | Elf:2    | Reached XP level 16. HP: 50/155 MP: 15/15
 29420 | Elf:2    | Received a gift from Trog
 29928 | Elf:2    | Found a huge runed translucent gate.
 29928 | Elf:2    | Found a huge runed translucent gate.
 29928 | Elf:2    | Found a huge runed translucent gate.
 29929 | Elf:2    | Found a huge runed translucent gate.
 29931 | Elf:2    | Found a huge runed translucent gate.
 31227 | Elf:2    | Received a gift from Trog
 31544 | Elf:3    | Entered Level 3 of the Elven Halls
 31948 | Elf:3    | Cast into level 3 of the Abyss (a deep elf sorcerer)
 31998 | Abyss:3  | Paralysed by accursed screaming for 1 turns
 32009 | Abyss:3  | Paralysed by accursed screaming for 1 turns
 32074 | Abyss:3  | Killed from afar by a rakshasa

Illustrated notes

Levels and vault maps discovered:
D:1:      dpeg_arrival_long_road, layout_basic, minmay_crystal_room,
          chequers_big_river, st_stairs_7
D:2:      layout_rooms, serial_curves, eino_curves_01, eino_curves_03,
          grunt_decor_arrowhead, nicolae_gozag_seed_capital, uniq_robin
D:3:      layout_basic, gammafunk_temple_overflow_pools, minmay_misc_feat_x,
          minmay_misc_feat_more_columns
D:4:      layout_loops_ring, eino_tiny_chamber
D:5:      layout_rooms, kennysheep_mini, serial_shops, nicolae_shop_trees,
          kennysheep_flooded_box, fedhas_altar_fruit_tree
D:6:      layout_loops_corners, serial_shops, nicolae_shop_window_shopping,
          st_stairs_9, nemelex_dance_club_becter
D:7:      lemuel_ice_spiral_2, layout_basic, marbit_many_paths,
          minmay_temple_entry_statues_fountains, basic_altar
D:8:      layout_cave_pools
D:9:      layout_roguey, dpeg_lair_monsters
D:10:     layout_layer_cave, david_orc_1_choice
D:11:     layout_basic, enter_trove_5, basic_altar, st_stairs_13,
          hangedman_decor_slide_cut, tgw_xom
D:12:     argonaut_augean_stables, layout_basic, minmay_shop_grid_forest
D:13:     layout_cave_pods, skrybe_vaults_entry_preservation,
          nicolae_ru_the_path_less_chosen
D:14:     layout_cave_pools, minmay_tree_intersection, hangedman_decor_riveting
Lair:1:   layout_gridlike, serial_bayou_shore_a
Lair:2:   dragon1_lemuel, layout_gridlike, nicolae_spider_entry_orb_guardian,
          basic_altar, chequers_serial_rivers_micro_e, zaba_antful_of_joy,
          lemuel_fruit_fields
Lair:3:   layout_hall_layers, lemuel_fruit_fields, infiniplex_staircase_pool,
          uniq_fannar
Lair:4:   layout_gridlike, elwin_shoals_entry_rocks, serial_bayou_shore_b
Lair:5:   layout_hall_layers, gauntlet_entry_generic, wad_woods_river_01
Lair:6:   gammafunk_lair_ancient_temple, layout_long_grid,
          dpeg_slime_entry_corner, uniq_kirke, uniq_nessos, uniq_urug
Orc:1:    layout_caves, nicolae_volcano_entry_two_sided,
          portal_ice_cave_entry_pillars_1
Orc:2:    st_orc_ogre_mass, layout_caves, serial_shops, shop,
          gammafunk_ghost_fury_of_okawaru, uniq_sonja
Elf:1:    eino_elf_arrival_altar, layout_geoelf_octagon, serial_sigils,
          serial_sigils_hangedman_gnaw, serial_sigils_hangedman_snap,
          serial_sigils_hangedman_stare, serial_sigils_hangedman_gut,
          basic_altar, laboratory
Elf:2:    layout_geoelf_octagon, ebering_ghost_inner_flame, serial_shops,
          nicolae_shop_trees
Elf:3:    elf_hall_gauntlet_wide, layout_geoelf_grid, gammafunk_ghost_cemetery,
          nrook_mini_backslash
Abyss:3:  base:
Lair:3

Skill      XL: |  1  2  3  4  5  6  7  8  9 10 11 12 13 14 15 16 |
---------------+-------------------------------------------------+-----
Fighting       | 4 5 6 7 8 11 13 14 16 17 18 | 18.4
Axes           | 1 2 3 4 6 8 10 | 10.0
Armour         | 3 4 6 9 10 12 13 14 15 16 | 16.9
Dodging        | 3 4 6 7 8 9 10 | 10.7
Maces & Flails | 4 7 10 14 16 18 | 18.8
Evocations     | 1 3 4 |  4.3

Action                   |  1- 3 |  4- 6 |  7- 9 | 10-12 | 13-15 | 16-18 || total
-------------------------+-------+-------+-------+-------+-------+-------++-------
Melee: Hand axe          |    62 |   109 |   145 |       |       |       ||   316
       Mace              |     4 |       |       |       |       |       ||     4
       Headbutt          |     6 |    15 |    73 |    79 |   226 |    43 ||   442
       Whip              |       |       |   178 |   203 |       |       ||   381
       Great mace        |       |       |       |   148 |   852 |       ||  1000
       Demon whip        |       |       |       |       |   239 |    43 ||   282
       Battleaxe         |       |       |       |       |       |   102 ||   102
       War axe           |       |       |       |       |       |    55 ||    55
Invok: Berserk           |       |     1 |     2 |     6 |    13 |     4 ||    26
       Brothers in Arms  |       |       |       |     2 |       |     1 ||     3
 Abil: Evoke Invisibilit |       |       |       |     1 |       |       ||     1
Evoke: Condenser vane    |       |       |       |     2 |     2 |     1 ||     5
       Wand              |       |       |       |     7 |     6 |       ||    13
       Tin of tremorston |       |       |       |       |     3 |     3 ||     6
       Lightning rod     |       |       |       |       |     2 |     4 ||     6
  Use: Scroll            |     1 |     6 |     6 |     8 |    14 |     2 ||    37
       Potion            |       |       |       |       |     3 |     4 ||     7
 Stab: Paralysed         |       |       |       |     1 |     5 |       ||     6
Armor: Animal skin       |     2 |       |       |       |       |       ||     2
       Leather armour    |    17 |    21 |       |       |       |       ||    38
       Ring mail         |       |    27 |       |       |       |       ||    27
       Scale mail        |       |     9 |   118 |    43 |       |       ||   170
       Fire dragon scale |       |       |       |    49 |   232 |       ||   281
       Storm dragon scal |       |       |       |       |   182 |   104 ||   286
Dodge: Dodged            |    67 |    66 |   156 |   216 |   913 |   121 ||  1539

Table legend: (Time is in decaauts)
 A = Elapsed time spent in this place.
 B = Non-inter-level travel time spent in this place.
 C = Inter-level travel time spent in this place.
 D = Time resting spent in this place.
 E = Time spent auto-exploring this place.
 F = Levels seen in this place.
 G = Mean time per level.
                   A        B        C        D        E       F      G
               +--------+--------+--------+--------+--------+-----+--------+
         Total |  32054 |  31661 |    393 |   7612 |  17092 |  28 | 1144.8 |
       Dungeon |  15643 |  15417 |    226 |   3005 |   9124 |  14 | 1117.4 |
          Lair |   7757 |   7695 |     62 |   1289 |   4869 |   6 | 1292.8 |
  Orcish Mines |   2137 |   2137 |      0 |    494 |    918 |   2 | 1068.5 |
   Elven Halls |   5114 |   5009 |    105 |   2444 |   1787 |   3 | 1704.7 |
         Abyss |    119 |    119 |      0 |     18 |      3 |   1 |  119.0 |
       Volcano |    850 |    850 |      0 |    275 |    390 |   1 |  850.0 |
      Gauntlet |    431 |    431 |      0 |     84 |      0 |   1 |  431.0 |
               +--------+--------+--------+--------+--------+-----+--------+

Top non-repeatable levels by time:
   Elf:2: 2741 daAuts
    D:13: 2218 daAuts
   Elf:1: 1967 daAuts
  Lair:6: 1891 daAuts
     D:7: 1575 daAuts
    D:10: 1477 daAuts
  Lair:3: 1374 daAuts
     D:9: 1366 daAuts
  Lair:4: 1261 daAuts
     D:6: 1241 daAuts
  Lair:2: 1240 daAuts
   Orc:2: 1215 daAuts
     D:1: 1148 daAuts
    D:12: 1120 daAuts
  Lair:5: 1092 daAuts
